AoeStats
← Malik Bhai

Arabia

508555589Analyzed
1v1 RM · 9d ago on Sep 23, 2026· 52m 32s· 2 players
Game mode
Random Map
Map size
Tiny (2 player)
Population
200
Speed
Normal
Resources
Standard
Victory
Conquest
Starting age
Dark Age
Ending age
Imperial Age
RankedLock teamsTeams togetherTeam positionsShared explorationLock speedFull tech treeHidden civsTurbo modeCheats
Victory
Defeat
🇻🇳 Vietnamese · Vietnam
1708
+15
🇵🇰 Bengalis · Pakistan
1686
-15
Malik Bhai
4:07 Loom
8:45 Feudal Age
10:04 Double-Bit Axe
11:42 Horse Collar
13:56 Fletching
20:25 Castle Age
18:51 Padded Archer Armor
21:42 Wheelbarrow
21:16 Bodkin Arrow
23:09 Ballistics
26:04 Gold Mining
26:51 Leather Archer Armor
28:53 Hand Cart
35:08 Imperial Age
34:39 Scale Barding Armor
34:44 Forging
35:28 Bow Saw
36:12 Chain Barding Armor
37:19 Bloodlines
39:52 Heavy Plow
41:49 Plate Barding Armor
42:10 Iron Casting
42:30 Bracer
44:08 Ring Archer Armor
44:43 Chemistry
44:02 Elite Elephant Archer
47:05 Blast Furnace
PomPom
5:34 Loom
13:55 Feudal Age
18:47 Castle Age
17:05 Double-Bit Axe
18:07 Fletching
18:12 Horse Collar
20:27 Bow Saw
20:46 Bodkin Arrow
20:14 Crossbowman
23:14 Wheelbarrow
25:21 Bodkin Arrow
25:13 Elite Skirmisher
26:15 Padded Archer Armor
27:34 Gold Mining
29:29 Ballistics
31:26 Leather Archer Armor
39:20 Imperial Age
37:46 Heavy Plow
37:54 Town Watch
38:11 Pikeman
38:52 Scale Mail Armor
39:47 Squires
40:04 Bracer
40:44 Chain Mail Armor
41:17 Masonry
42:31 Forging
43:09 Halberdier
44:03 Guilds
44:47 Crop Rotation
44:50 Plate Mail Armor
44:58 Imperial Skirmisher
45:38 Arson
47:23 Chemistry
47:01 Ring Archer Armor
47:45 Iron Casting
48:33 Hand Cart
49:20 Two-Man Saw
53:15 Paper Money
Connection lost

Rejoining the realm…

Still unreachable

The connection could not be restored.

Session expired

The server has moved on; the page needs a fresh start.